 Dungeon Crawl Stone Soup version 0.29-a0-541-gaf1fc19f1b (webtiles) character file.

Game seed: 16269811428205303597

9 Nedwor the Skirmisher (level 2, 8/24 HPs)
             Began as a Merfolk Fighter on June 2, 2022.
             Quit the game on level 1 of the Dungeon.
             The game lasted 00:00:21 (67 turns).

Nedwor the Skirmisher (Merfolk Fighter)               Turns: 67, Time: 00:00:22

Health: 8/24       AC:  6    Str: 16    XL:     2   Next: 16%
Magic:  2/2        EV:  8    Int:  7    God:
Gold:   12         SH:  4    Dex: 13    Spells: 1/1 levels left

rFire   . . .      SeeInvis .   a - +0 rapier
rCold   . . .      Faith    .   c - +0 buckler
rNeg    . . .      Spirit   .   b - +0 scale mail
rPois   .          Reflect  .   (no helmet)
rElec   .          Harm     .   (no cloak)
rCorr   .          Rampage  .   (no gloves)
Will    .....                   (no boots)
Stlth   ..........              (no amulet)
HPRegen 0.08/turn               (no ring)
MPRegen 0.08/turn               (no ring)

@: no status effects
A: (nimble swimmer 2), mertail
a: no special abilities


You were on level 1 of the Dungeon.
You visited 1 branch of the dungeon, and saw 1 of its levels.

You collected 12 gold pieces.

Inventory:

Hand Weapons
 a - a +0 rapier (weapon)
Armour
 b - a +0 scale mail (worn)
 c - a +0 buckler (worn)
Scrolls
 e - a scroll of noise {unknown}
Potions
 d - a potion of might


   Skills:
 + Level 3.4 Fighting
 * Level 3.0 Short Blades
 - Level 2.1 Armour
 + Level 3.1 Shields


You had one spell level left.
You didn't know any spells.
Your spell library was empty.

Dungeon Overview and Level Annotations

Branches:
Dungeon (1/15)

Altars:


Innate Abilities, Weirdness & Mutations

((You are very nimble when in or above water. (Stealth+, EV+, Speed+++)))
Your lower body shifts to a powerful aquatic tail in water.


Message History

You hit the jackal but do no damage. You block the jackal's attack.
The jackal bites you but does no damage.
You closely miss the jackal.
A jackal comes into view.
The jackal bites you but does no damage.
The jackal closely misses you.
You miss the jackal. The jackal bites you.
You hit the jackal but do no damage. The jackal closely misses you.
A jackal comes into view.
The jackal barely misses you.
You closely miss the jackal.
The jackal bites you but does no damage.
You hit the jackal.
The jackal is moderately wounded.
The jackal closely misses you. x2
You hit the jackal.
You kill the jackal!
You closely miss the frilled lizard. The frilled lizard bites you.
* * * LOW HITPOINT WARNING * * *
You barely miss the frilled lizard. You block the frilled lizard's attack.
You puncture the frilled lizard!
You kill the frilled lizard!
The jackal completely misses you.
You hit the jackal.
You kill the jackal!
You have reached level 2!
You hit the jackal.
You kill the jackal!
Your Short Blades skill increases to level 3!
You hit the hobgoblin.
You kill the hobgoblin!
Things that are here:
a jackal corpse; a frilled lizard corpse; a jackal corpse
Found a stone staircase leading down.
Found a dark potion and a smoky dark potion.
You now have 12 gold pieces.
Things that are here:
a jackal corpse; a frilled lizard corpse; a jackal corpse You see here a giant cockroach corpse.
Are you sure you want to abandon this character and quit the game? (Confirm with "yes".)

..................
........##########
.#. #....##.....###
.# ..
####.######.... ..
#.## ###...#...#
#.##.###...
.....#.....# ...
.....# ####.......#
##.# #..#.##
#####...#
#..###.....#
#...###..@†...#
#..#.....###........
##.#.#.### #.##...>.
..=..!# #.# ....
.#..#### ... ...
.###.# ... !. .# #.#
..## ! .. #. ...# #.


There were no monsters in sight!

Vanquished Creatures
  A giant cockroach (D:1)
  2 hobgoblins (D:1)
  3 jackals (D:1)
  A frilled lizard (D:1)
  A rat (D:1)
8 creatures vanquished.

Notes
Turn   | Place    | Note
-------+----------+-------------------------------------------
     0 | D:1      | Nedwor the Merfolk Fighter began the quest for the Orb.
     0 | D:1      | Reached XP level 1. HP: 18/18 MP: 1/1
    58 | D:1      | Reached XP level 2. HP: 7/24 MP: 2/2
    67 | D:1      | Quit the game

Illustrated notes

Levels and vault maps discovered:
D:1:      minmay_arrival_three_doors, layout_rooms

Skill      XL: |  1  2 |
---------------+-------+-----
Short Blades   | 3 |  3.0
Fighting       | |  3.4
Armour         | |  2.1
Shields        | |  3.1

Action                   || total
-------------------------++-------
Melee: Rapier            ||    30
Armor: Scale mail        ||     9
Dodge: Dodged            ||    10
Block: Buckler           ||     6

Table legend: (Time is in decaauts)
 A = Elapsed time spent in this place.
 B = Non-inter-level travel time spent in this place.
 C = Inter-level travel time spent in this place.
 D = Time resting spent in this place.
 E = Time spent auto-exploring this place.
 F = Levels seen in this place.
 G = Mean time per level.
                   A        B        C        D        E       F      G
               +--------+--------+--------+--------+--------+-----+--------+
         Total |     70 |     70 |      0 |      0 |     18 |   1 |   70.0 |
       Dungeon |     70 |     70 |      0 |      0 |     18 |   1 |   70.0 |
               +--------+--------+--------+--------+--------+-----+--------+

Top non-repeatable levels by time:
     D:1: 70 daAuts
